 Dungeon Crawl Stone Soup version 0.19-a0-644-gd04d753 (webtiles) character file.

293 Bubnilka the Cudgeler (level 6, -5/53 HPs)
             Began as a Minotaur Fighter on June 14, 2016.
             Slain by a crocodile (11 damage)
             ... in a sewer.
             The game lasted 00:08:51 (2458 turns).

Bubnilka the Cudgeler (Minotaur Fighter)            Turns: 2458, Time: 00:08:52

Health: -5/53      AC:  9    Str: 22    XL:     6   Next: 11%
Magic:  5/5        EV:  7    Int:  5    God:
Gold:   152        SH: 10    Dex: 10    Spells: 0 memorised, 5 levels left

rFire  . . .     SeeInvis .     e - +0 whip
rCold  . . .     Gourm    .     b - +0 scale mail
rNeg   . . .     Faith    .     c - +0 shield
rPois  +         Spirit   .     (helmet restricted)
rElec  .         Dismiss  .     (no cloak)
rCorr  .         Reflect  .     l - +1 pair of gloves
SustAt .         Harm     .     (no boots)
MR     .....     Rnd*Tele +     (no amulet)
Stlth  ..........               k - ring of teleportation (curse)
                                h - ring of poison resistance

@: not resistant to hostile enchantments, extremely unstealthy
A: retaliatory headbutt, horns 2
a: no special abilities


You were in a sewer.
You were not hungry.

You visited 1 branch of the dungeon, and saw 4 of its levels.
You also visited: Sewer.

You collected 152 gold pieces.

Inventory:

Hand Weapons
 e - a +0 whip (weapon)
Armour
 b - a +0 scale mail (worn)
 c - a +0 shield (worn)
 l - a +1 pair of gloves (worn)
Jewellery
 h - a ring of poison resistance (left hand)
 k - a cursed ring of teleportation (right hand)
Wands
 m - a wand of slowing (34/48)
Scrolls
 p - a scroll of identify
Potions
 a - a potion of magic
 d - a potion of might
 g - 2 potions of curing {unknown}
 n - a potion of brilliance {unknown}
Comestibles
 f - 2 bread rations
 i - a royal jelly
 j - a beef jerky
 o - a chunk of flesh


   Skills:
 + Level 4.7 Fighting
 * Level 5.2 Maces & Flails
 + Level 4.8 Armour
 + Level 5.1 Shields


You had 5 spell levels left.
You didn't know any spells.

Dungeon Overview and Level Annotations

Branches:
Dungeon (4/15)
 Temple: D:4-7

Altars:
Zin


Innate Abilities, Weirdness & Mutations

You reflexively headbutt those who attack you in melee.
You have a pair of horns on your head.


Message History

You hit the bat but do no damage. The bat hits you but does no damage.
You block the bat's attack.
You hit the bat.
You kill the bat!
You whack the bat!
You kill the bat!
A crocodile comes into view.
Found 60 gold pieces.
The crocodile bites you.
You closely miss the crocodile. You headbutt the crocodile!
The crocodile is heavily wounded.
The crocodile bites you.
You hit the crocodile. Your headbutt misses the crocodile.
The crocodile is heavily wounded.
The crocodile bites you!
* * * LOW HITPOINT WARNING * * *
You barely miss the crocodile. You headbutt the crocodile.
The crocodile is almost dead.
The crocodile bites you!
You die...

##...## ##.## #.#
#.# ### #.# ....
#.# ..... #.#
$.....####.#######
$.....t@..........
$.....############
..... .... ###


You could see a crocodile.

Vanquished Creatures
  3 orc priests (D:3)
  A worker ant (D:4)
  6 adders
  2 river rats (D:4)
  An ooze (D:1)
  2 worms
  A dart slug (D:2)
  5 giant geckos
  11 orcs (D:3)
  A ball python (D:4)
  11 bats
  6 giant cockroaches
  3 goblins
  9 hobgoblins
  4 jackals (D:3)
  9 kobolds
  A quokka (D:4)
  2 giant newts
  8 rats
86 creatures vanquished.

Notes
Turn   | Place    | Note
--------------------------------------------------------------
     0 | D:1      | Bubnilka the Minotaur Fighter began the quest for the Orb.
     0 | D:1      | Reached XP level 1. HP: 19/19 MP: 0/0
    78 | D:1      | Reached XP level 2. HP: 23/26 MP: 1/1
   396 | D:1      | Reached XP level 3. HP: 33/33 MP: 2/2
  1155 | D:2      | Found a glowing silver altar of Zin.
  1326 | D:3      | Reached XP level 4. HP: 36/40 MP: 3/3
  1438 | D:3      | Reached XP level 5. HP: 17/46 MP: 4/4
  1876 | D:3      | Reached skill level 5 in Maces & Flails
  2326 | D:4      | Found a glowing drain.
  2331 | D:4      | Reached skill level 5 in Shields
  2359 | D:4      | Reached XP level 6. HP: 22/53 MP: 5/5
  2421 | Sewer    | Entered a sewer
  2458 | Sewer    | Slain by a crocodile

Vault maps used:
D:1:      matt_arrival_diagonals, kennysheep_decorative_pillar,
          lemuel_old_faithful
D:2:      nicolae_overflow_hidden_temple, minivault_11, patterned_corridor
D:4:      lemuel_doored_altar, minmay_temple_entry_grid,
          lightli_ossuary_entry_decrepit_ruins, portal_sewer_entry_b,
          uniq_menkaure, uniq_pikel
Sewer:    sewer_big_baddie

Skill      XL: |  1  2  3  4  5 |
---------------+----------------+-----
Maces & Flails | 3 4 5 |  5.2
Shields        | 4 5 |  5.1
Fighting       | 4 |  4.7
Armour         | 4 |  4.8

Action                   |  1- 3 |  4- 6 || total
-------------------------+-------+-------++-------
Melee: Flail             |    49 |       ||    49
       Headbutt          |    18 |    33 ||    51
       Whip              |    54 |   194 ||   248
  Use: Scroll            |     1 |     1 ||     2
  Eat: Chunk             |     1 |     4 ||     5
Armor: Scale mail        |    39 |    92 ||   131
Dodge: Dodged            |    34 |    55 ||    89
Block: Shield            |    50 |    97 ||   147
